 Dungeon Crawl Stone Soup version 0.31-a0-198-g2ad674f65e (webtiles) character file.

Game seed: 16821406610421974983

157 qw the Skirmisher (level 5, -10/29 HPs)
             Began as a Deep Elf Hunter on June 25, 2023.
             Mangled by a gnoll
             ... wielding a +0 halberd
              (13 damage)
             ... on level 3 of the Dungeon.
             The game lasted 00:00:47 (1917 turns).

qw the Skirmisher (Deep Elf Hunter)                 Turns: 1917, Time: 00:00:47

Health: -10/29     AC:  5    Str: 10    XL:     5   Next: 15%
Magic:  7/7        EV: 12    Int: 14    God:
Gold:   130        SH:  0    Dex: 18    Spells: 4/4 levels left

rFire   . . .        Y - +0 shortbow
rCold   . . .        (shield currently unavailable)
rNeg    . . .        c - +0 leather armour
rPois   .            d - +0 helmet
rElec   .            (no cloak)
rCorr   .            g - +0 pair of gloves
SInv    .            (no boots)
Will    .....        b - amulet of regeneration
Stlth   ++           (no ring)
HPRegen 1.04/turn    (no ring)
MPRegen 0.10/turn

%: no passive effects
@: about to teleport
A: no striking features
a: no special abilities


You were on level 3 of the Dungeon.
You visited 1 branch of the dungeon, and saw 3 of its levels.

You collected 130 gold pieces.


   Skills:
 - Level 1.5 Fighting
 + Level 8.6 Ranged Weapons
 - Level 2.4 Dodging
 - Level 1.2 Stealth


You had 4 spell levels left.
You didn't know any spells.
Your spell library was empty.

Inventory:

Hand Weapons
 Y - a +0 shortbow (weapon)
Armour
 c - a +0 leather armour (worn)
 d - a +0 helmet (worn)
 g - a +0 pair of gloves (worn)
 n - a +0 pair of boots
Jewellery
 b - an amulet of regeneration (around neck)
 p - a ring of willpower
 q - a ring of resist corrosion
Scrolls
 m - a scroll of poison {unknown}
 o - a scroll of identify
Potions
 a - a potion of brilliance {unknown}
 f - a potion of berserk rage {unknown}
 h - a potion of cancellation {unknown}
 i - a potion of enlightenment {unknown}
 j - a potion of magic {unknown}
 k - 2 potions of lignification {unknown}
 l - a potion of might {unknown}

Dungeon Overview and Level Annotations

Branches:
Dungeon (3/15)

Altars:
Trog


Message History

You hear a shout!
The gnoll hits you from afar with a +0 halberd.
You shoot an arrow. The arrow barely misses the gnoll.
The gnoll hits you but does no damage.
You shoot an arrow. The arrow barely misses the gnoll.
The gnoll barely misses you.
You shoot an arrow.
The arrow hits the gnoll but does no damage.
The gnoll is severely wounded.
The gnoll closely misses you.
You shoot an arrow.
The arrow hits the gnoll but does no damage.
The gnoll is severely wounded.
The gnoll hits you from afar with a +0 halberd!
1909 ||| Stepping ~*~*~tactically~*~*~ (outnumbered).
You shoot an arrow. The arrow hits the gnoll.
The gnoll is almost dead.
The gnoll hits you but does no damage.
You shoot an arrow. The arrow closely misses the gnoll.
The gnoll hits you from afar with a +0 halberd.
You shoot an arrow. The arrow barely misses the gnoll.
The gnoll misses you.
You shoot an arrow. The arrow hits the gnoll.
The gnoll is heavily wounded.
The gnoll hits you with a +0 spear! The gnoll closely misses you.
You shoot an arrow. The arrow hits the gnoll.
The gnoll is severely wounded.
The gnoll hits you from afar with a +0 halberd.
The gnoll hits you but does no damage.
You shoot an arrow. The arrow hits the gnoll.
The gnoll is almost dead.
The gnoll hits you with a +0 spear.
The gnoll hits you from afar with a +0 halberd.
1916 ||| READING scroll of teleportation.
As you read the scroll of teleportation, it crumbles to dust.
You feel strangely unstable. The gnoll misses you.
The gnoll closely misses you.
You shoot an arrow. The arrow closely misses the gnoll.
The gnoll hits you from afar with a +0 halberd!
You die...

########......# #.####
#########..)...###.####
#...................##.
##...###...............
##..)######....####...#
#.....# #....##...#..
#.###.## #.......#....
## #..## #.....###..##
##@.##########..^.#
##g...#.....#....#
#.g...#.###.##...#
#..###.#.#0#.##...#
#..g .#.###.#..### ####
#.....##.# #.._..##.###
#.....#.....
###.#######.


You could see 2 gnolls.

Vanquished Creatures
  A sleepcap (D:3)
  5 gnolls
  3 adders (D:2)
  A worm (D:3)
  2 dart slugs
  5 ball pythons
  6 endoplasms
  A giant cockroach (D:2)
  5 goblins
  4 hobgoblins
  6 kobolds
  3 quokkas
  6 bats
  A rat (D:2)
49 creatures vanquished.

Vanquished Creatures (others)
  A wizard (D:3)
1 creature vanquished.

Grand Total: 50 creatures vanquished

Notes
Turn   | Place    | Note
-------+----------+-------------------------------------------
     0 | D:1      | qw the Deep Elf Hunter began the quest for the Orb.
     0 | D:1      | Reached XP level 1. HP: 12/12 MP: 3/3
     0 | D:1      | 0 ||| qw: Version: 0.3-a-22-g0ed2b0b
     0 | D:1      | 0 ||| qw: Game counter: 4944
     0 | D:1      | 0 ||| qw: Melee chars always use a shield: true
     0 | D:1      | 0 ||| qw: God list: Okawaru
     0 | D:1      | 0 ||| qw: Allow faded altars: false
     0 | D:1      | 0 ||| qw: Do Orc after clearing Dungeon:15 true
     0 | D:1      | 0 ||| qw: Do second Lair branch before Depths: true
     0 | D:1      | 0 ||| qw: Lair rune preference: random
     0 | D:1      | 0 ||| qw: Goals: Normal
     0 | D:1      | 0 ||| PLANNING D:1-11
   119 | D:1      | Reached XP level 2. HP: 13/16 MP: 4/4
   194 | D:1      | Reached skill level 6 in Ranged Weapons
   603 | D:1      | 603 ||| UPGRADING to +0 pair of gloves.
   608 | D:1      | 608 ||| READING scroll labelled COTZIT CAFIFFU.
   609 | D:1      | 609 ||| READING scroll labelled NOHAHU MOLEPAI.
   610 | D:1      | 610 ||| DROPPING scroll of butterflies.
   718 | D:2      | HP: 3/16 [poisoned by an adder]
   719 | D:2      | Reached XP level 3. HP: 4/20 MP: 5/5
   882 | D:2      | Reached skill level 7 in Ranged Weapons
   933 | D:2      | Found a faded altar of an unknown god.
  1023 | D:2      | Reached XP level 4. HP: 25/25 MP: 6/6
  1032 | D:2      | HP: 4/25 [gnoll/+0 flail (6)]
  1037 | D:2      | HP: 1/25 [gnoll/+0 spear (4)]
  1114 | D:2      | Reached skill level 8 in Ranged Weapons
  1369 | D:2      | 1369 ||| UPGRADING to +0 helmet.
  1374 | D:2      | 1374 ||| UPGRADING to amulet of regeneration.
  1379 | D:2      | 1379 ||| READING scroll labelled SUCESI FIORASO.
  1380 | D:2      | 1380 ||| READING scroll labelled ONLASUPEGG.
  1381 | D:2      | 1381 ||| READING scroll labelled TACUYC MYXIE.
  1482 | D:2      | 1482 ||| READING scroll labelled OZOROTTECOO.
  1483 | D:2      | 1483 ||| READING scroll labelled ZEOTAPNIOS.
  1487 | D:2      | 1487 ||| READING scroll labelled JOOLOOHOYN.
  1710 | D:3      | Found a bloodstained altar of Trog.
  1711 | D:3      | Noticed a wizard
  1717 | D:3      | Killed a wizard
  1806 | D:3      | HP: 5/25 [sleepcap (6)]
  1807 | D:3      | 1807 ||| READING 2 scrolls of teleportation.
  1880 | D:3      | Reached XP level 5. HP: 29/29 MP: 7/7
  1889 | D:3      | 1889 ||| Stepping ~*~*~tactically~*~*~ (outnumbered).
  1891 | D:3      | 1891 ||| Stepping ~*~*~tactically~*~*~ (outnumbered).
  1909 | D:3      | 1909 ||| Stepping ~*~*~tactically~*~*~ (outnumbered).
  1915 | D:3      | HP: 3/29 [gnoll/+0 spear (6)]
  1915 | D:3      | HP: 1/29 [gnoll/+0 halberd (2)]
  1916 | D:3      | 1916 ||| READING scroll of teleportation.
  1917 | D:3      | Mangled by a gnoll

Levels and vault maps discovered:
D:1:      minmay_arrival_arboretum_large, layout_basic, dk_noncrumbling_4
D:2:      layout_basic, shapermc_ecumenical_altar_acropolis
D:3:      layout_rooms, trog_wizard, patterned_corridor

Skill      XL: |  1  2  3  4 |
---------------+-------------+-----
Ranged Weapons | 6 7 8 |  8.6
Fighting       | |  1.5
Dodging        | |  2.4
Stealth        | |  1.2

Action                     |  1- 3 |  4- 6 || total
---------------------------+-------+-------++-------
   Fire: Shortbow          |    98 |    69 ||   167
    Use: Scroll            |     2 |     8 ||    10
 Armour: Leather armour    |     6 |     8 ||    14
  Dodge: Dodged            |    25 |    17 ||    42

Table legend:
 A = Non-vault XP
 B = Vault XP
 C = Vault XP percentage of total XP
 D = Non-vault monster count
 E = Vault monster count
 F = Vault count percentage of total count
                 A         B        C        D         E       F
            +---------+---------+-------+---------+---------+-------
      Total |     225 |       0 |   0.0 |      49 |       0 |   0.0
            +---------+---------+-------+---------+---------+-------
        D:1 |      29 |       0 |   0.0 |      15 |       0 |   0.0
        D:2 |     134 |       0 |   0.0 |      27 |       0 |   0.0
        D:3 |      62 |       0 |   0.0 |       7 |       0 |   0.0
            +---------+---------+-------+---------+---------+-------
